3L
GREENVILLE 84S @ KINGSTON TOWNSHIP LEGION
09/23/2030
 
TOP OF THE 1ST
Greenville 84s batting - Pitching for Kingston Township Legion : RHP Manny Castro
Pitching: RHP Manny Castro
Batting: RHB Pablo Marrero 0-0: Called Strike
0-1: Ball
1-1: Swinging Strike
1-2: Hit by Pitch
Batting: RHB Urs van Munster 0-0: Grounds into double play, 6-4-3 (Groundball, 56)
Batting: RHB Juan García 0-0: Called Strike
0-1: Called Strike
0-2: Ball
1-2: Ball
2-2: Foul Ball, location: 2F
2-2: Strikes out swinging
Top of the 1st over - 0 runs, 0 hits, 0 errors, 0 left on base; Greenville 0 - Kingston Township 0
BOTTOM OF THE 1ST
Kingston Township Legion batting - Pitching for Greenville 84s : LHP Hermenegildo Beliago
Pitching: LHP Hermenegildo Beliago
Batting: RHB Alfredo Cardenas 0-0: Swinging Strike
0-1: Ball
1-1: Ground out 5-3 (Groundball, 5S)
Batting: RHB Júlio Rodríguez 0-0: Ball
1-0: Foul Ball, location: 2F
1-1: Ball
2-1: Ground out U3 (Groundball, 3)
Batting: RHB EP Weston 0-0: Hit by Pitch
Batting: RHB Clarence Neal 0-0: Ball
1-0: Called Strike
1-1: Called Strike
1-2: Foul Ball, location: 2F
1-2: Strikes out looking
Bottom of the 1st over - 0 runs, 0 hits, 0 errors, 1 left on base; Greenville 0 - Kingston Township 0
TOP OF THE 2ND
Greenville 84s batting - Pitching for Kingston Township Legion : RHP Manny Castro
Batting: SHB Jorge Barrios 0-0: Foul Ball, location: 2F
0-1: Ball
1-1: Ground out 4-3 (Groundball, 4)
Batting: RHB Alfredo Méndez 0-0: Fly out, F4 (Line Drive, 4)
Batting: LHB Qi-zhen Loong 0-0: Called Strike
0-1: Ball
1-1: Ball
2-1: Ball
3-1: Ground out 4-3 (Groundball, 4)
Top of the 2nd over - 0 runs, 0 hits, 0 errors, 0 left on base; Greenville 0 - Kingston Township 0
BOTTOM OF THE 2ND
Kingston Township Legion batting - Pitching for Greenville 84s : LHP Hermenegildo Beliago
Batting: RHB Jim Scott 0-0: Ball
1-0: Fly out, F8 (Flyball, 8RXD)
Batting: RHB Dani Trejo 0-0: Ground out 2-3 (Groundball, 13S)
Batting: LHB António González 0-0: Called Strike
0-1: Ball
1-1: Swinging Strike
1-2: Ball
2-2: Ball
3-2: Foul Ball, location: 2F
3-2: Fly out, F4 (Popup, 4MD)
Bottom of the 2nd over - 0 runs, 0 hits, 0 errors, 0 left on base; Greenville 0 - Kingston Township 0
TOP OF THE 3RD
Greenville 84s batting - Pitching for Kingston Township Legion : RHP Manny Castro
Batting: RHB Jesús Amador 0-0: Fly out, F7 (Flyball, 7LM)
Batting: SHB Kai-xi Choe 0-0: SINGLE (Groundball, 3D)
Batting: RHB Rodrigo Lugo 0-0: Foul Ball, location: 2F
0-1: Swinging Strike
0-2: Strikes out swinging
Batting: RHB Pablo Marrero 0-0: Called Strike
0-1: Ball
1-1: Ball
2-1: SINGLE (Line Drive, 56)
Kai-xi Choe to second
Batting: RHB Urs van Munster 0-0: Ball
1-0: SINGLE (Line Drive, 34D)
Kai-xi Choe to third
Pablo Marrero to second
Runner from 3rd tries for Home, SAFE, throw made home
Batting: RHB Juan García 0-0: Ball
1-0: Called Strike
1-1: Swinging Strike
1-2: Foul Ball, location: 2F
1-2: Ball
2-2: Fielders Choice at 2nd, 6-4 (Groundball, 6D)
Top of the 3rd over - 1 run, 3 hits, 0 errors, 2 left on base; Greenville 1 - Kingston Township 0
BOTTOM OF THE 3RD
Kingston Township Legion batting - Pitching for Greenville 84s : LHP Hermenegildo Beliago
Batting: RHB José Icaza 0-0: Ball
1-0: Called Strike
1-1: Ball
2-1: Foul Ball, location: 2F
2-2: Ball
3-2: Fly out, F4 (Popup, 34D)
Batting: LHB Charles Mathes 0-0: Foul Ball, location: 2F
0-1: Foul Ball, location: 2F
0-2: Ball
1-2: Foul Ball, location: 2F
1-2: SINGLE (Line Drive, 34D)
Batting: RHB Alfredo Cardenas 0-0: Ball
1-0: Ground out 5-3 (Groundball, 56S)
Charles Mathes to second
Batting: RHB Júlio Rodríguez 0-0: Fly out, F5 (Line Drive, 56)
Bottom of the 3rd over - 0 runs, 1 hit, 0 errors, 1 left on base; Greenville 1 - Kingston Township 0
TOP OF THE 4TH
Greenville 84s batting - Pitching for Kingston Township Legion : RHP Manny Castro
Batting: SHB Jorge Barrios 0-0: Ball
1-0: Foul Ball, location: 2F
1-1: Ball
2-1: Swinging Strike
2-2: Ball
3-2: Ground out 4-3 (Groundball, 4)
Batting: RHB Alfredo Méndez 0-0: Called Strike
0-1: Ball
1-1: Fly out, F9 (Flyball, 9LM)
Batting: LHB Qi-zhen Loong 0-0: Ball
1-0: Hit by Pitch
Batting: RHB Jesús Amador 0-0: Ball
1-0: Ball
2-0: Swinging Strike
2-1: Foul Ball, location: 2F
2-2: Strikes out swinging
Top of the 4th over - 0 runs, 0 hits, 0 errors, 1 left on base; Greenville 1 - Kingston Township 0
BOTTOM OF THE 4TH
Kingston Township Legion batting - Pitching for Greenville 84s : LHP Hermenegildo Beliago
Batting: RHB EP Weston 0-0: Ball
1-0: Called Strike
1-1: Fly out, F7 (Line Drive, 78S)
Batting: RHB Clarence Neal 0-0: Ball
1-0: Ball
2-0: Called Strike
2-1: Ball
3-1: Ground out 3-1 (Groundball, 34)
Batting: RHB Jim Scott 0-0: Ball
1-0: Called Strike
1-1: SINGLE (Groundball, 4MD)
Batting: RHB Dani Trejo 0-0: Fly out, F8 (Flyball, 78XD)
Bottom of the 4th over - 0 runs, 1 hit, 0 errors, 1 left on base; Greenville 1 - Kingston Township 0
TOP OF THE 5TH
Greenville 84s batting - Pitching for Kingston Township Legion : RHP Manny Castro
Batting: SHB Kai-xi Choe 0-0: Foul Ball, location: 2F
0-1: Called Strike
0-2: Foul Ball, location: 2F
0-2: Strikes out swinging
Batting: RHB Rodrigo Lugo 0-0: Ball
1-0: Ball
2-0: Called Strike
2-1: Ball
3-1: Base on Balls
Batting: RHB Pablo Marrero 0-0: DOUBLE (Flyball, 8RXD)
Rodrigo Lugo to third
Runner from 3rd tries for Home, SAFE, no throw
Batting: RHB Urs van Munster 0-0: Intentional Walk
Batting: RHB Juan García 0-0: Ball
Pablo Marrero steals 3rd base
Urs van Munster to second
1-0: Foul Ball, location: 2F
1-1: Swinging Strike
1-2: Strikes out swinging
Batting: SHB Jorge Barrios 0-0: Intentional Walk
Batting: RHB Alfredo Méndez 0-0: Foul Ball, location: 2F
0-1: Ball
1-1: Swinging Strike
1-2: Ball
2-2: Fly out, F7 (Flyball, 7)
Top of the 5th over - 1 run, 1 hit, 0 errors, 3 left on base; Greenville 2 - Kingston Township 0
BOTTOM OF THE 5TH
Kingston Township Legion batting - Pitching for Greenville 84s : LHP Hermenegildo Beliago
Batting: LHB António González 0-0: Ball
1-0: Foul Ball, location: 2F
1-1: Ball
2-1: Foul Ball, location: 2F
2-2: Strikes out looking
Batting: RHB José Icaza 0-0: Foul Ball, location: 2F
0-1: SINGLE (Line Drive, 56D)
Batting: LHB Charles Mathes 0-0: Ball
Pickoff Throw to First - Out!
1-0: Foul Ball, location: 2F
1-1: Ball
2-1: Called Strike
2-2: Ball
3-2: Fly out, F8 (Flyball, 8LS)
Bottom of the 5th over - 0 runs, 1 hit, 0 errors, 0 left on base; Greenville 2 - Kingston Township 0
TOP OF THE 6TH
Greenville 84s batting - Pitching for Kingston Township Legion : RHP Manny Castro
Batting: LHB Qi-zhen Loong 0-0: SINGLE (Line Drive, 4D)
Batting: RHB Jesús Amador 0-0: Sac Bunt - play at first, batter OUT! 1-3
Qi-zhen Loong to second
Batting: SHB Kai-xi Choe 0-0: Ball
1-0: SINGLE (Line Drive, 9S)
Qi-zhen Loong to third
Batting: RHB Rodrigo Lugo 0-0: Fly out, F8 (Flyball, 8LXD)
Runner from 3rd tags up, SCORES, no throw
Batting: RHB Pablo Marrero 0-0: Ball
1-0: Fly out, F8 (Line Drive, 8LD)
Top of the 6th over - 1 run, 2 hits, 0 errors, 1 left on base; Greenville 3 - Kingston Township 0
BOTTOM OF THE 6TH
Kingston Township Legion batting - Pitching for Greenville 84s : LHP Hermenegildo Beliago
Batting: RHB Alfredo Cardenas 0-0: Hit by Pitch
Batting: RHB Júlio Rodríguez 0-0: Bunt missed!
0-1: Bunt missed!
0-2: Ball
1-2: Ground out 6-3 (Groundball, 6S)
Alfredo Cardenas to second
Batting: RHB EP Weston 0-0: Called Strike
0-1: Foul Ball, location: 2F
0-2: Ball
1-2: Strikes out swinging
Batting: RHB Clarence Neal 0-0: Ground out 5-3 (Groundball, 56)
Bottom of the 6th over - 0 runs, 0 hits, 0 errors, 1 left on base; Greenville 3 - Kingston Township 0
TOP OF THE 7TH
Greenville 84s batting - Pitching for Kingston Township Legion : RHP Manny Castro
Batting: RHB Urs van Munster 0-0: Ball
1-0: Ground out 3-1 (Groundball, 34S)
Batting: RHB Juan García 0-0: Foul Ball, location: 2F
0-1: Fly out, F8 (Flyball, 8RM)
Batting: SHB Jorge Barrios 0-0: Called Strike
0-1: Ball
1-1: Ball
2-1: Foul Ball, location: 2F
2-2: Ground out U3 (Groundball, 34)
Top of the 7th over - 0 runs, 0 hits, 0 errors, 0 left on base; Greenville 3 - Kingston Township 0
BOTTOM OF THE 7TH
Kingston Township Legion batting - Pitching for Greenville 84s : LHP Hermenegildo Beliago
Batting: RHB Jim Scott 0-0: SINGLE (Flyball, 8LS)
Batting: RHB Dani Trejo 0-0: Ball
1-0: Called Strike
1-1: Ground out U3 (Groundball, 34)
Jim Scott to second
Batting: LHB António González 0-0: Foul Ball, location: 2F
0-1: Ball
1-1: Fly out, F9 (Flyball, 9LSF)
Batting: RHB José Icaza 0-0: Foul Ball, location: 2F
0-1: Foul Ball, location: 2F
0-2: Foul Ball, location: 2F
0-2: Ball
1-2: Foul Ball, location: 2F
1-2: Strikes out swinging
Bottom of the 7th over - 0 runs, 1 hit, 0 errors, 1 left on base; Greenville 3 - Kingston Township 0
TOP OF THE 8TH
Greenville 84s batting - Pitching for Kingston Township Legion : RHP Manny Castro
Batting: RHB Alfredo Méndez 0-0: Called Strike
0-1: Called Strike
0-2: Ball
1-2: Strikes out swinging
Batting: LHB Qi-zhen Loong 0-0: Called Strike
0-1: Ball
1-1: Ball
2-1: Ground out U3 (Groundball, 34S)
Batting: RHB Jesús Amador 0-0: Called Strike
0-1: Fly out, F9 (Line Drive, 89M)
Top of the 8th over - 0 runs, 0 hits, 0 errors, 0 left on base; Greenville 3 - Kingston Township 0
BOTTOM OF THE 8TH
Kingston Township Legion batting - Pitching for Greenville 84s : LHP Hermenegildo Beliago
Batting: LHB Charles Mathes 0-0: Ball
1-0: Called Strike
1-1: Called Strike
1-2: Fly out, F7 (Flyball, 7LMF)
Batting: RHB Alfredo Cardenas 0-0: Ball
1-0: Called Strike
1-1: Fly out, F8 (Flyball, 8RS)
Batting: RHB Júlio Rodríguez 0-0: Foul Ball, location: 2F
0-1: SINGLE (Groundball, 4MD)
Batting: RHB EP Weston 0-0: Ball
1-0: Fielders Choice at 2nd, U6 (Groundball, 6M)
Bottom of the 8th over - 0 runs, 1 hit, 0 errors, 1 left on base; Greenville 3 - Kingston Township 0
TOP OF THE 9TH
Greenville 84s batting - Pitching for Kingston Township Legion : RHP Manny Castro
Batting: SHB Kai-xi Choe 0-0: Foul Ball, location: 2F
0-1: Called Strike
0-2: Ground out 4-3 (Groundball, 4)
Batting: RHB Rodrigo Lugo 0-0: Foul Ball, location: 2F
0-1: Ball
1-1: Foul Ball, location: 2F
1-2: Ball
2-2: SINGLE (Groundball, 5D)
Batting: RHB Pablo Marrero 0-0: Ball
1-0: Foul Ball, location: 2F
1-1: Ball
Rodrigo Lugo is caught stealing 2nd base
2-1: Ball
3-1: Foul Ball, location: 2F
3-2: Foul Ball, location: 2F
3-2: Foul Ball, location: 2F
3-2: Base on Balls
Pitching: RHP John Riggleman
Batting: RHB Urs van Munster 0-0: Ball
1-0: Ground out 4-3 (Groundball, 4)
Top of the 9th over - 0 runs, 1 hit, 0 errors, 1 left on base; Greenville 3 - Kingston Township 0
BOTTOM OF THE 9TH
Kingston Township Legion batting - Pitching for Greenville 84s : LHP Hermenegildo Beliago
Pitching: RHP Colijn de Goedere
Batting: RHB Clarence Neal 0-0: Ball
1-0: Ball
2-0: Ball
3-0: Called Strike
3-1: Base on Balls
Batting: RHB Jim Scott 0-0: Ball
1-0: Foul Ball, location: 2F
1-1: Ball
2-1: Foul Ball, location: 2F
2-2: Strikes out looking
Batting: RHB Dani Trejo 0-0: Ball
1-0: Ball
2-0: Ball
3-0: Called Strike
3-1: Called Strike
3-2: Strikes out looking
Batting: LHB António González 0-0: Ball
1-0: Ball
2-0: Called Strike
2-1: Ball
3-1: Called Strike
3-2: Ground out 3-1 (Groundball, 34)
Bottom of the 9th over - 0 runs, 0 hits, 0 errors, 1 left on base; Greenville 3 - Kingston Township 0
Sunday, March 18th, 2018 - OOTP Baseball 18.8 Build 76